 Dungeon Crawl Stone Soup version 0.21-a0-352-g5b8f553 (webtiles) character file.

175 Hasart the Archer (level 5, -5/42 HPs)
             Began as a Centaur Hunter on Oct 11, 2017.
             Killed from afar by Blork the orc (8 damage)
             ... with a puff of frost
             ... on level 4 of the Dungeon.
             The game lasted 00:07:13 (3377 turns).

Hasart the Archer (Centaur Hunter)                  Turns: 3377, Time: 00:07:14

Health: -5/42      AC:  6    Str: 15    XL:     5   Next: 29%
Magic:  5/5        EV:  9    Int: 10    God:
Gold:   97         SH:  0    Dex: 10    Spells: 4/4 levels left

rFire    . . .     SeeInvis .   a - +1 shortbow
rCold    . . .     Gourm    .   (shield currently unavailable)
rNeg     . . .     Faith    .   c - +0 leather armour
rPois    .         Spirit   .   n - +0 helmet
rElec    .         Reflect  .   p - +0 cloak
rCorr    .         Harm     .   (no gloves)
MR       .....                  (no barding)
Stlth    ..........             (no amulet)
HPRegen  0.14/turn              i - ring of loudness (curse)
MPRegen  0.09/turn              (no ring)

@: very quick
A: hooves 3, deformed body, speed 2, tough skin 3
a: no special abilities


You were on level 4 of the Dungeon.
You were not hungry.

You visited 1 branch of the dungeon, and saw 4 of its levels.

You collected 97 gold pieces.

Inventory:

Hand Weapons
 a - a +1 shortbow (weapon)
 v - a +0 rapier
Missiles
 d - 50 arrows (quivered)
Armour
 c - a +0 leather armour (worn)
 n - a +0 helmet (worn)
 p - a +0 cloak (worn)
Jewellery
 i - a cursed ring of loudness (left hand)
Scrolls
 b - a scroll of enchant armour {unknown}
 h - a scroll of blinking {unknown}
 k - 3 scrolls of teleportation {unknown}
 l - 4 scrolls of identify {unknown}
 o - 2 scrolls of fog {unknown}
 t - a scroll of magic mapping {unknown}
 u - a scroll of enchant weapon {unknown}
 x - a scroll of recharging {unknown}
Potions
 e - 3 potions of heal wounds {unknown}
 r - a potion of degeneration {unknown}
 s - a potion of curing {unknown}
 w - a potion of ambrosia {unknown}
Comestibles
 f - 3 bread rations
 g - a meat ration
 j - 7 fruits
 m - a royal jelly
 q - 9 chunks of flesh


   Skills:
 + Level 2.4 Fighting
 - Level 1.7 Short Blades
 * Level 8.0 Bows
 - Level 1.3 Dodging
 - Level 0.4 Stealth


You had 4 spell levels left.
You didn't know any spells.

Dungeon Overview and Level Annotations

Branches:
Dungeon (4/15)
 Temple: D:4-7

Altars:
Makhleb
Trog
Wu Jian
The Shining One

Annotations:
D:4 Blork the orc


Innate Abilities, Weirdness & Mutations

You have hooves in place of feet.
Armour fits poorly on your strangely shaped body.
You cover ground very quickly.
You have extremely tough skin. (AC +3)


Message History

Blork the orc flickers and vanishes!
You see here a book of Maledictions.
A magic dart appears from out of thin air!
The magic dart hits you!
An orc comes into view. It is wielding a hand axe.
There is a stone staircase leading down here.
You hear some strange, mumbled words.
A puff of frost appears from out of thin air!
The puff of frost hits you!
* * * LOW HITPOINT WARNING * * *
A puff of flame appears from out of thin air!
The puff of flame hits you!
* * * LOW HITPOINT WARNING * * *
A puff of flame appears from out of thin air!
The puff of flame hits you!
* * * LOW HITPOINT WARNING * * *
You see here an arrow.
A puff of frost appears from out of thin air!
The puff of frost hits you!
You die...

(. #(# . #.. # .##
####.######. ...
......#... #.# .#
#..#...## ##..### .#
#.#....#######......# .#
#...@(...{.>o.......# .#
##.##...:.###.$.....# .#
#####.######...........#
.# #.....# ####........#
.#### ##.#####
#.#......# ....# #..#
#.#....... ....#####.##
#.#......# ....##....#
#.#......# ....#((####
#.#......#


There were no monsters in sight!

Vanquished Creatures
  A hound (D:4)
  Crazy Yiuf (D:3)
  3 gnolls (D:4)
  An ooze (D:2)
  5 worms
  A dart slug (D:1)
  2 leopard geckos
  2 orcs (D:3)
  8 bats
  7 giant cockroaches
  7 goblins
  5 hobgoblins
  2 jackals (D:2)
  7 kobolds
  2 frilled lizards
  9 rats
63 creatures vanquished.

Notes
Turn   | Place    | Note
-------+----------+-------------------------------------------
     0 | D:1      | Hasart the Centaur Hunter began the quest for the Orb.
     0 | D:1      | Reached XP level 1. HP: 17/17 MP: 1/1
   256 | D:1      | Reached skill level 6 in Bows
   256 | D:1      | Reached XP level 2. HP: 20/24 MP: 2/2
   354 | D:1      | Found a glowing golden altar of the Shining One.
  1251 | D:2      | Reached XP level 3. HP: 26/29 MP: 3/3
  1502 | D:2      | Reached skill level 1 in Short Blades
  2106 | D:3      | Reached skill level 7 in Bows
  2226 | D:3      | Reached XP level 4. HP: 36/36 MP: 4/4
  2410 | D:3      | Found a burning altar of Makhleb.
  2422 | D:3      | Found a bloodstained altar of Trog.
  2642 | D:3      | Found a runed door.
  2646 | D:3      | Noticed Crazy Yiuf
  2660 | D:3      | Killed Crazy Yiuf
  3120 | D:3      | Found an ornate altar of the Wu Jian Council.
  3188 | D:4      | Reached XP level 5. HP: 40/42 MP: 5/5
  3195 | D:4      | Reached skill level 8 in Bows
  3289 | D:4      | Noticed Blork the orc
  3377 | D:4      | Killed from afar by Blork the orc

Vault maps used:
D:1:      lemuel_arrival_broad_hall, tso_altar
D:2:      first_bread
D:3:      minitemple, old_standard_altar, uniq_crazy_yiuf_cottage
D:4:      grunt_gozag_statues, uniq_natasha, uniq_blork_the_orc, uniq_duvessa

Skill      XL: |  1  2  3  4  5 |
---------------+----------------+-----
Bows           | 6 7 8 |  8.0
Short Blades   | 1 |  1.7
Fighting       | |  2.4
Dodging        | |  1.3
Stealth        | |  0.4

Action                   |  1- 3 |  4- 6 || total
-------------------------+-------+-------++-------
Melee: Short sword       |    75 |       ||    75
       Kick              |    18 |       ||    18
 Fire: Shortbow          |    39 |    75 ||   114
  Use: Scroll            |     1 |       ||     1
  Eat: Chunk             |     2 |     3 ||     5
Armor: Leather armour    |    40 |    11 ||    51
Dodge: Dodged            |    39 |     9 ||    48

Table legend:
 A = Spawn XP
 B = Non-spawn XP
 C = Spawn XP percentage of total XP
 D = Spawn monster count
 E = Non-spawn monster count
 F = Spawn count percentage of total count
 G = Total turns spent on level
                    A         B        C        D         E        F      G
               +---------+---------+-------+---------+---------+-------+---------
         Total |       0 |     251 |   0.0 |       0 |      63 |   0.0 |  3377
               +---------+---------+-------+---------+---------+-------+---------
           D:1 |       0 |      29 |   0.0 |       0 |      16 |   0.0 |  1201
           D:2 |       0 |      58 |   0.0 |       0 |      23 |   0.0 |   719
           D:3 |       0 |      79 |   0.0 |       0 |      20 |   0.0 |  1258
           D:4 |       0 |      85 |   0.0 |       0 |       4 |   0.0 |   199
               +---------+---------+-------+---------+---------+-------+---------
